 Dungeon Crawl Stone Soup version 0.29.0-4-gdea44cf6ec (webtiles) character file.

Game seed: 17113193738254246321

23 qw the Caller (level 2, -2/23 HPs)
             Began as a Ghoul Summoner on Sept 9, 2022.
             Slain by a ball python (3 damage)
             ... on level 1 of the Dungeon.
             The game lasted 00:00:21 (732 turns).

qw the Caller (Ghoul Summoner)                       Turns: 732, Time: 00:00:21

Health: -2/23      AC:  2    Str: 11    XL:     2   Next: 95%
Magic:  0/3        EV:  9    Int: 10    God:
Gold:   6          SH:  0    Dex:  9    Spells: 3/4 levels left

rFire   . . .      SeeInvis .   c - +0 rapier
rCold   + . .      Faith    .   (no shield)
rNeg    + + +      Spirit   .   a - +0 robe
rPois   inf        Reflect  .   (no helmet)
rElec   .          Harm     .   (no cloak)
rCorr   .          Rampage  .   (no gloves)
Will    .....                   (no boots)
Stlth   ++........              (no amulet)
HPRegen 0.00/turn               (no ring)
MPRegen 0.08/turn               (no ring)

@: inhibited regen, constricted
A: claws 1, cold resistance 1, negative energy resistance 3, inhibited
regeneration, torment resistance 2, devour on kill
a: no special abilities


You were on level 1 of the Dungeon.
You visited 1 branch of the dungeon, and saw 1 of its levels.

You collected 6 gold pieces.


Innate Abilities, Weirdness & Mutations

You are immune to poison.
You have sharp fingernails.
Your flesh is cold resistant. (rC+)
You are immune to negative energy. (rN+++)
You do not regenerate when monsters are visible.
You are immune to unholy pain and torment.
You thrive by killing the living.


   Skills:
 + Level 1.0 Fighting
 - Level 2.0 Axes
 - Level 1.7 Dodging
 - Level 2.1 Stealth
 - Level 1.7 Spellcasting
 - Level 3.6 Summonings


You had 3 spell levels left.
You knew the following spells:

 Your Spells              Type           Power      Damage    Failure   Level
a - Summon Small Mammal   Summ           32%        N/A       8%          1

Your spell library contained the following spells:

 Spells                   Type           Power      Damage    Failure   Level
 Call Imp                 Summ           8%         N/A       11%         2
 Call Canine Familiar     Summ           8%         N/A       22%         3
 Summon Guardian Golem    Hex/Summ       4%         N/A       43%         3
 Summon Lightning Spire   Summ/Air       4%         N/A       83%         4

Inventory:

Hand Weapons
 c - a +0 rapier (weapon)
Armour
 a - a +0 robe (worn)
 g - a +0 ring mail
Scrolls
 d - a scroll of enchant armour {unknown}
 e - a scroll of fear {unknown}
 f - a scroll of noise {unknown}
Potions
 b - a potion of magic

Dungeon Overview and Level Annotations

Branches:
Dungeon (1/15)

Altars:


Message History

Confirm with . or Enter, or press ? or * to list all spells.
Nothing appears to happen.
The ball python bites you. The ball python constricts you.
You barely miss the ball python. The ball python bites you.
The ball python constricts you.
You barely miss the ball python. The ball python bites you.
The ball python constricts you. The ball python barely misses you.
The ball python constricts you.
You closely miss the ball python. The ball python bites you.
The ball python constricts you.
You closely miss the ball python. The ball python closely misses you.
The ball python constricts you. The ball python barely misses you.
The ball python constricts you.
You closely miss the ball python. The ball python barely misses you.
The ball python constricts you.
You hit the ball python.
You kill the ball python!
Your Axes skill increases to level 2!
You closely miss the ball python. The ball python barely misses you. x2
The ball python bites you but does no damage.
The ball python grabs you. The ball python constricts you.
You closely miss the ball python. The ball python bites you.
The ball python constricts you.
You hit the ball python.
The ball python is severely wounded.
The ball python bites you. The ball python constricts you.
The ball python bites you. The ball python constricts you.
You barely miss the ball python.
The ball python is severely wounded.
Your rat disappears in a puff of smoke!
The ball python bites you. The ball python constricts you.
731 ||| CASTING Summon Small Mammal
Casting: Summon Small Mammal (safe; 8% risk of failure)
Confirm with . or Enter, or press ? or * to list all spells.
The ball python barely misses you. The ball python constricts you.
You closely miss the ball python.
The ball python is severely wounded.
The ball python bites you.
You die...

#.# #. ##.#.#
#.# # #.#.#
..#
#.#####.#.#
###
#...%...#.#
##.#.####.# #
#.##
####..#b###.#
....###br..#
####..#@###.#
# #S## #.#
#.# ... ...
.#!## ...#
#....


You could see a ball python (ally target), a friendly bat (summoned) and a
friendly rat (summoned).

Vanquished Creatures
  A dart slug (D:1)
  A ball python (D:1)
  A bat (D:1)
  2 endoplasms (D:1)
  A goblin (D:1)
  2 hobgoblins (D:1)
  2 kobolds (D:1)
10 creatures vanquished.

Vanquished Creatures (collateral kills)
  A dart slug (D:1)
  2 bats (D:1)
  An endoplasm (D:1)
  A hobgoblin (D:1)
  A goblin (D:1)
6 creatures vanquished.

Grand Total: 16 creatures vanquished

Notes
Turn   | Place    | Note
-------+----------+-------------------------------------------
     0 | D:1      | qw the Ghoul Summoner began the quest for the Orb.
     0 | D:1      | Reached XP level 1. HP: 14/14 MP: 2/2
     0 | D:1      | 0 ||| qw: Version: 0.1-a-113-g051387a
     0 | D:1      | 0 ||| qw: Game counter: 7219
     0 | D:1      | 0 ||| qw: Always use a shield: true
     0 | D:1      | 0 ||| qw: God list: Okawaru
     0 | D:1      | 0 ||| qw: Allow faded altars: false
     0 | D:1      | 0 ||| qw: Do Orc after D:15 true
     0 | D:1      | 0 ||| qw: Do second Lair branch before Depths: true
     0 | D:1      | 0 ||| qw: Lair rune preference: random
     0 | D:1      | 0 ||| qw: Plans: Normal
     0 | D:1      | 0 ||| PLANNING D:1-11
    10 | D:1      | 10 ||| Wielding weapon +0 rapier.
    48 | D:1      | 48 ||| CASTING Summon Small Mammal
    49 | D:1      | 49 ||| CASTING Summon Small Mammal
   172 | D:1      | 172 ||| CASTING Summon Small Mammal
   173 | D:1      | 173 ||| CASTING Summon Small Mammal
   184 | D:1      | 184 ||| CASTING Summon Small Mammal
   196 | D:1      | 196 ||| CASTING Summon Small Mammal
   198 | D:1      | Reached skill level 1 in Axes
   220 | D:1      | 220 ||| CASTING Summon Small Mammal
   221 | D:1      | 221 ||| CASTING Summon Small Mammal
   223 | D:1      | Reached XP level 2. HP: 16/22 MP: 0/3
   311 | D:1      | 311 ||| CASTING Summon Small Mammal
   312 | D:1      | 312 ||| CASTING Summon Small Mammal
   313 | D:1      | 313 ||| CASTING Summon Small Mammal
   321 | D:1      | Reached skill level 1 in Fighting
   409 | D:1      | 409 ||| CASTING Summon Small Mammal
   410 | D:1      | 410 ||| CASTING Summon Small Mammal
   411 | D:1      | 411 ||| CASTING Summon Small Mammal
   464 | D:1      | 464 ||| Stepping ~*~*~tactically~*~*~ (stealth).
   466 | D:1      | 466 ||| Stepping ~*~*~tactically~*~*~ (stealth).
   468 | D:1      | 468 ||| CASTING Summon Small Mammal
   469 | D:1      | 469 ||| CASTING Summon Small Mammal
   470 | D:1      | 470 ||| CASTING Summon Small Mammal
   570 | D:1      | 570 ||| CASTING Summon Small Mammal
   571 | D:1      | 571 ||| CASTING Summon Small Mammal
   572 | D:1      | 572 ||| CASTING Summon Small Mammal
   610 | D:1      | 610 ||| CASTING Summon Small Mammal
   611 | D:1      | 611 ||| CASTING Summon Small Mammal
   612 | D:1      | 612 ||| CASTING Summon Small Mammal
   664 | D:1      | 664 ||| CASTING Summon Small Mammal
   665 | D:1      | 665 ||| CASTING Summon Small Mammal
   666 | D:1      | 666 ||| CASTING Summon Small Mammal
   708 | D:1      | 708 ||| Stepping ~*~*~tactically~*~*~ (stealth).
   709 | D:1      | 709 ||| CASTING Summon Small Mammal
   710 | D:1      | 710 ||| CASTING Summon Small Mammal
   711 | D:1      | 711 ||| CASTING Summon Small Mammal
   720 | D:1      | 720 ||| CASTING Summon Small Mammal
   729 | D:1      | HP: 5/23 [ball python (1)]
   730 | D:1      | HP: 1/23 [ball python (3)]
   731 | D:1      | 731 ||| CASTING Summon Small Mammal
   732 | D:1      | Slain by a ball python

Levels and vault maps discovered:
D:1:      lemuel_arrival_behind_the_door_small, layout_loops_ring

Skill      XL: |  1  2 |
---------------+-------+-----
Axes           | 1 2 |  2.0
Fighting       | 1 |  1.0
Dodging        | |  1.7
Stealth        | |  2.1
Spellcasting   | |  1.7
Summonings     | |  3.6

Action                   || total
-------------------------++-------
Melee: Rapier            ||    48
       Punch             ||     2
 Cast: Summon Small Mamm ||    27
Armor: Robe              ||     9
Dodge: Dodged            ||    37

Table legend:
 A = Non-vault XP
 B = Vault XP
 C = Vault XP percentage of total XP
 D = Non-vault monster count
 E = Vault monster count
 F = Vault count percentage of total count
                 A         B        C        D         E       F
            +---------+---------+-------+---------+---------+-------
      Total |      33 |       0 |   0.0 |      16 |       0 |   0.0
            +---------+---------+-------+---------+---------+-------
        D:1 |      33 |       0 |   0.0 |      16 |       0 |   0.0
            +---------+---------+-------+---------+---------+-------
